cohdb
Replays
Latest Replays
All Replays
Popular Replays
Top Player Replays
Match Explorer
How It Works
Community
CoH3 Stats
Reddit
Sign in to upload your games and track your stats! →
Sign in with Steam
Match 39865657
Unlisted
Match 39865657
Overview
Messages
Build Orders
End
Kradschützen Motorcycle Team
Panzergrenadier Squad
Selects Panzerjäger Kommand Battlegroup
Selects Panzerjäger Kommand Battlegroup
Selects Panzerjäger Kommand Battlegroup
Selects Mine Fields
250 Light Carrier
Construct Light Support Kompanie
Combat Half-tracks
Assault Grenadier Squad
Construct Mechanized Kompanie
Vehicle Survival Package
Panzerjäger Mechanized Group
Selects Tank Busters
Marder III Tank Destroyer
8 Rad Armored Car
Marder III Tank Destroyer
Selects Crew Shock Tactics
2.5-tonne Medical Truck
MG34 Team
AI Takeover
sharpshooter
CPU-NOOB
Waffaru~
Born to Coom
0
0
Comments
sign in to comment!
No comments posted yet!